 Dungeon Crawl Stone Soup version 0.31-a0-662-g684573625c (webtiles) character file.

Game seed: 4735881114052099595

69 Dordric the Changeling (level 4, 0/21 HPs)
             Began as an Octopode Shapeshifter on Aug 31, 2023.
             Slain by an iguana (6 damage)
             ... on level 4 of the Dungeon.
             The game lasted 00:02:32 (1809 turns).

Dordric the Changeling (Octopode Shapeshifter)      Turns: 1809, Time: 00:02:32

Health: 0/21       AC:  1    Str: 13    XL:     4   Next: 20%
Magic:  4/4        EV: 13    Int: 12    God:
Gold:   229        SH:  0    Dex: 13    Spells: 3/3 levels left

rFire   . .          .
                       - Unarmed
rCold   . . .        (shield currently unavailable)
rNeg    . . .        (helmet restricted)
rPois   .            k - amulet of magic regeneration
rElec   .            (no ring)
rCorr   .            (no ring)
SInv    .            (no ring)
Will    .....        (no ring)
Stlth   +            (no ring)
HPRegen 0.23/turn    (no ring)
MPRegen 0.49/turn    (no ring)
                     (no ring)

%: no passive effects
@: flux-form, glowing
A: glow, contaminating, reduced hp, almost no armour, amphibious, 8 rings,
camouflage 1, gelatinous body 1, (nimble swimmer 1), tentacles
a: Begin Untransformation


You were on level 4 of the Dungeon.
You were something dangerously unstable.
You visited 1 branch of the dungeon, and saw 4 of its levels.

You collected 229 gold pieces.

Inventory:

Jewellery
 k - an amulet of magic regeneration (around mantle)
Talismans
 b - a beast talisman
 c - a flux talisman (active)
Wands
 f - a wand of polymorph (5)
Scrolls
 e - 2 scrolls of vulnerability
 j - 3 scrolls of immolation
 n - a scroll of teleportation {unknown}
 p - 2 scrolls of identify
Potions
 a - a potion of lignification
 d - 2 potions of curing {unknown}
 g - 2 potions of heal wounds
 h - a potion of degeneration {unknown}
 i - a potion of mutation {unknown}
 l - a potion of berserk rage {unknown}
 m - a potion of brilliance {unknown}
 o - 2 potions of invisibility {unknown}


   Skills:
 - Level 1.0 Fighting
 - Level 2.0 Dodging
 - Level 3.0 Unarmed Combat
 + Level 4.6 Shapeshifting


You had 3 spell levels left.
You didn't know any spells.
Your spell library contained the following spells:

 Spells                   Type           Power      Damage    Failure   Level
 Ensorcelled Hibernation  Hex/Ice        0%         N/A       45%         2
 Stone Arrow              Conj/Erth      0%         3d7       69%         3
 Anguish                  Hex/Necr       0%         N/A       97%         4
 Lehudib's Crystal Spear  Conj/Erth      0%         10d2      100%        8
 Animate Armour           Summ/Erth      Unusable   N/A       N/A         4

Dungeon Overview and Level Annotations

Branches:
Dungeon (4/15)
 Temple: D:4-7

Altars:
Qazlal
Zin


Innate Abilities, Weirdness & Mutations

You are something dangerously unstable.
You glow with magical radiation, making you easy to see and hit.
Foes you strike become dangerously contaminated with magical radiation.
Your maximum health is decreased, since you lack skill for your form.
You are incapable of wielding weapons or throwing items.
You cannot wear most types of armour.
You are amphibious.
You can wear up to eight rings at the same time.
Your skin changes colour to match your surroundings (Stealth+).
Your rubbery body absorbs attacks. (AC +1, EV +1)
((You are camouflaged when in or above water. (Stealth+)))
You have tentacles for arms and can constrict up to eight enemies at once.


Message History

You see here a hobgoblin corpse.
You tentacle-slap the hound but do no damage.
The hound begins to glow.
Your grab misses the hound. The hound bites you. The hound misses you.
You tentacle-slap the hound.
The hound glows dangerously bright.
You grab the hound.
The hound is lightly wounded.
You constrict the hound. The hound bites you.
You tentacle-slap the hound.
The hound shudders as magic cascades through it!
The hound twists and deforms.
The hound is severely wounded.
You constrict the hound. The hound bites you. x2
You are too injured to fight recklessly!
You are too injured to fight recklessly!
You are too injured to fight recklessly!
You are too injured to fight recklessly!
You are too injured to fight recklessly!
You are too injured to fight recklessly!
You are too injured to fight recklessly!
You are too injured to fight recklessly!
You are too injured to fight recklessly!
You are too injured to fight recklessly!
You are too injured to fight recklessly!
You are too injured to fight recklessly!
You are too injured to fight recklessly!
You are too injured to fight recklessly!
You release your grip on the hound.
An iguana comes into view.
The iguana hisses angrily.
The hound stops to sniff the ground.
The hound closely misses you. The hound bites you.
* * * LOW HITPOINT WARNING * * *
The hound barely misses you. The iguana bites you.
* * * LOW HITPOINT WARNING * * *
The hound bites you but does no damage. The iguana attacks as it pursues you!
The iguana bites you.
You die...

#?.....# #...[..#
######......#
.##...........######
............†.......
.......<.w###.......
..........# .......
.......lh.# .......
........B.# .......
..........# .......
............ ..<....
...........##.......
..#.....#... ######
.#.. ..... ..#...


You could see an iguana, a hound (misshapen) and a dart slug.

Vanquished Creatures
  2 adders
  A worm (D:3)
  2 dart slugs (D:1)
  3 ball pythons
  2 endoplasms
  2 giant cockroaches (D:1)
  6 goblins
  6 hobgoblins
  3 kobolds
  2 quokkas (D:1)
  7 bats
  A frilled lizard (D:1)
  2 rats
39 creatures vanquished.

Notes
Turn   | Place    | Note
-------+----------+-------------------------------------------
     0 | D:1      | Dordric the Octopode Shapeshifter began the quest for the
                  | Orb.
     0 | D:1      | Reached XP level 1. HP: 13/13 MP: 1/1
    93 | D:1      | Reached XP level 2. HP: 18/18 MP: 2/2
   636 | D:2      | Reached XP level 3. HP: 23/23 MP: 3/3
   670 | D:2      | Reached skill level 4 in Shapeshifting
  1208 | D:3      | Reached XP level 4. HP: 25/28 MP: 4/4
  1732 | D:3      | Found a stormy altar of Qazlal.
  1738 | D:3      | Found a glowing silver altar of Zin.
  1809 | D:4      | Slain by an iguana

Illustrated notes

Levels and vault maps discovered:
D:1:      minmay_arrival_shoal_huts, layout_basic, minmay_gold_behind_fungi
D:2:      layout_basic, serial_bayou_crossing
D:3:      layout_loops_ring, minitemple
D:4:      minmay_chambers_of_fours, layout_rooms, dreamdust_gnoll_farm,
          uniq_sigmund

Skill      XL: |  1  2  3 |
---------------+----------+-----
Shapeshifting  | 4 |  4.6
Fighting       | |  1.0
Dodging        | |  2.0
Unarmed Combat | |  3.0

Action                     |  1- 3 |  4- 6 || total
---------------------------+-------+-------++-------
  Melee: Unarmed           |    61 |    21 ||    82
         Constrict         |    23 |     5 ||    28
         Tentacles         |    12 |     2 ||    14
         Punch             |     2 |       ||     2
    Use: Scroll            |     3 |       ||     3
   Stab: Sleeping          |     4 |       ||     4
 Armour: Skin              |    23 |    12 ||    35
  Dodge: Dodged            |    24 |     9 ||    33
   Form: Flux              |       |     1 ||     1

Table legend: (Time is in decaauts)
 A = Elapsed time spent in this place.
 B = Non-inter-level travel time spent in this place.
 C = Inter-level travel time spent in this place.
 D = Time resting spent in this place.
 E = Time spent auto-exploring this place.
 F = Levels seen in this place.
 G = Mean time per level.
                   A        B        C        D        E       F      G
               +--------+--------+--------+--------+--------+-----+--------+
         Total |   1803 |   1706 |     97 |      0 |   1408 |   4 |  450.8 |
       Dungeon |   1803 |   1706 |     97 |      0 |   1408 |   4 |  450.8 |
               +--------+--------+--------+--------+--------+-----+--------+

Top non-repeatable levels by time:
     D:3: 611 daAuts
     D:1: 608 daAuts
     D:2: 557 daAuts
     D:4: 26 daAuts
